 Dungeon Crawl Stone Soup version 0.30-a0-802-gb92711bcdf (webtiles) character file.

Game seed: 11310156874268191790

53 ders the Magician (level 4, 0/31 HPs)
             Began as a Djinni Conjurer on Feb 23, 2023.
             Killed from afar by Sigmund (5 damage)
             ... with a magic dart
             ... on level 2 of the Dungeon.
             The game lasted 00:02:04 (1553 turns).

ders the Magician (Djinni Conjurer)                 Turns: 1553, Time: 00:02:05

Health: 0/31       AC:  2    Str:  6    XL:     4   Next: 11%
Gold:   74         EV: 12    Int: 21    God:
                   SH:  0    Dex: 12

rFire   + + .      SeeInvis .    (no weapon)
rCold   x . .      Faith    .    (no shield)
rNeg    . . .      Spirit   .    a - +0 robe
rPois   ∞          Reflect  .    e - +0 hat
rElec   .          Harm     .    (no cloak)
rCorr   .          Rampage  .    (no gloves)
Will    .....                    (boots unavailable)
Stlth   ++                       m - amulet of regeneration
HPRegen 1.05/turn                (no ring)
MPRegen 0.00/turn                (no ring)

@: flying, very slightly contaminated
A: sickness immunity, fire resistance 2, cold vulnerability 1, float, innate
caster, HP casting, extra vitality 1
a: no special abilities


You were on level 2 of the Dungeon.
You visited 1 branch of the dungeon, and saw 2 of its levels.

You collected 74 gold pieces.

Inventory:

Missiles
 d - a throwing net
Armour
 a - a +0 robe (worn)
 e - a +0 hat (worn)
Jewellery
 m - an amulet of regeneration (around neck)
Scrolls
 c - a scroll of teleportation {unknown}
 f - a scroll of identify {unknown}
 j - a scroll of magic mapping {unknown}
 l - a scroll of fear {unknown}
 o - a scroll of amnesia {unknown}
Potions
 b - a potion of flight
 h - a potion of heal wounds
 i - a potion of might {unknown}
 k - a potion of lignification {unknown}
 n - a potion of brilliance {unknown}


   Skills:
 - Level 2.1 Dodging
 - Level 1.5 Stealth
 + Level 4.3 Spellcasting


You knew the following spells:

 Your Spells              Type           Power      Damage    Failure   Level
a - Magic Dart            Conj           88%        1d7       1%          1
b - Searing Ray           Conj           44%        2d6       3%          2
c - Dazzling Flash        Conj/Hex       44%        N/A       6%          3
d - Fulminant Prism       Conj/Hex       11%        3d9       21%         4
e - Iskenderun's Mystic   Conj/Tloc      22%        2d6       21%         4
f - Slow                  Hex            88%        N/A       1%          1
Your spell library was empty.

Dungeon Overview and Level Annotations

Branches:
Dungeon (2/15)

Altars:

Annotations:
D:2 Sigmund


Innate Abilities, Weirdness & Mutations

You are immune to sickness and miasma.
You are immune to poison.
Your flesh is very heat resistant. (rF++)
You are vulnerable to cold. (rC-)
You float through the air rather than walking.
You learn spells naturally, not from books.
Your magical power is your life essence.
You have superior vitality. (+4 MHP)


Message History

The magic dart hits something.
Casting: Magic Dart (safe; 1% risk of failure)
Confirm with . or Enter, or press ? or * to list all spells.
Aiming: Fulminant Prism (extremely dangerous; 21% risk of failure)
Press: ? - help, Dir - move target You miscast Fulminant Prism.
Energy rips through your body!
You are confused.
You bump into the rock wall.
Unknown command.
You're too confused to move!
It was a potion of flight.
You feel more buoyant. Something hits you.
It was a potion of heal wounds.
You feel much better.
A magic dart appears from out of thin air!
The magic dart hits you.
It was a potion of curing.
You feel better. Something hits you!
Casting: Fulminant Prism (extremely dangerous; 21% risk of failure)
Confirm with . or Enter, or press ? or * to list all spells.
Okay, then.
Casting: Fulminant Prism (extremely dangerous; 21% risk of failure)
Confirm with . or Enter, or press ? or * to list all spells.
You miscast Iskenderun's Mystic Blast.
Nothing appears to happen.
Casting: Iskenderun's Mystic Blast (extremely dangerous; 21% risk of failure)
Confirm with . or Enter, or press ? or * to list all spells.
You erupt in a blast of force!
The mystic blast hits something.
Something hits you. Something hits you.
Casting: Iskenderun's Mystic Blast (extremely dangerous; 21% risk of failure)
Confirm with . or Enter, or press ? or * to list all spells.
Aiming: Searing Ray (safe; 3% risk of failure)
Press: ? - help, Shift-Dir - straight line (Press . to maintain the ray.)
The searing ray hits something.
Something hits you!
* * * LOW HITPOINT WARNING * * *
The searing ray hits something.
* * * LOW HITPOINT WARNING * * *
A magic dart appears from out of thin air!
The magic dart hits you.
You die...

#............#
#.#.#######..# ####
#.#.# #..# ...# #.#.#
#..# ##.# #.#.#### #..#
#.# #.#....# #..# #.#
#.####{## #..#
##.########.###...###..#
.........##.....@.<....#
...#####.######...####.#
...# #.#######.## #.#
...# #.#.......#####.#
...# #...............#
...# ###.#############
...# #.# ..## #.# ..#
#.#


There were no monsters in sight!

Vanquished Creatures
  3 adders (D:2)
  2 endoplasms (D:1)
  3 goblins
  4 hobgoblins
  5 quokkas
  2 ball pythons
  A bat (D:1)
  4 frilled lizards (D:1)
  2 rats
26 creatures vanquished.

Vanquished Creatures (others)
  A fulminant prism (D:2)
1 creature vanquished.

Grand Total: 27 creatures vanquished

Notes
Turn   | Place    | Note
-------+----------+-------------------------------------------
     0 | D:1      | ders the Djinni Conjurer began the quest for the Orb.
     0 | D:1      | ders set off with the following spells memorised: Magic
                  | Dart, Searing Ray, Dazzling Flash, Fulminant Prism,
                  | Iskenderun's Mystic Blast.
     0 | D:1      | Reached XP level 1. HP: 15/15 MP: 0/0
    49 | D:1      | Reached XP level 2. HP: 8/21 MP: 0/0
  1086 | D:2      | Reached XP level 3. HP: 23/25 MP: 0/0
  1086 | D:2      | Learned a level 1 spell: Slow
  1175 | D:2      | Reached skill level 4 in Spellcasting
  1488 | D:2      | Reached XP level 4. HP: 30/31 MP: 0/0
  1527 | D:2      | Noticed Sigmund
  1553 | D:2      | Killed from afar by Sigmund

Illustrated notes

Levels and vault maps discovered:
D:1:      eino_arrival_cavern_d, layout_basic, serial_aquarium,
          aquarium_bridge_island_small [aquarium_subvault_small_open,
          aquarium_subvault_window, aquarium_subvault_bridge,
          aquarium_subvault_wall, aquarium_subvault_bridge],
          aquarium_bridge_square [aquarium_subvault_bridge,
          aquarium_subvault_balcony, aquarium_subvault_wall,
          aquarium_subvault_window], aquarium_window_2, aquarium_window_3,
          aquarium_view_2a, aquarium_view_4, aquarium_balcony_double_1,
          nrook_campfire
D:2:      layout_loops_ring, uniq_sigmund

Skill      XL: |  1  2  3 |
---------------+----------+-----
Spellcasting   | 4 |  4.3
Dodging        | |  2.1
Stealth        | |  1.5

Action                     |  1- 3 |  4- 6 || total
---------------------------+-------+-------++-------
   Cast: Magic Dart        |    60 |     1 ||    61
         Searing Ray       |     5 |     1 ||     6
         Iskenderun's Myst |       |     1 ||     1
         Fulminant Prism   |       |     1 ||     1
    Use: Potion            |       |     3 ||     3
  Dodge: Dodged            |     4 |       ||     4

Table legend: (Time is in decaauts)
 A = Elapsed time spent in this place.
 B = Non-inter-level travel time spent in this place.
 C = Inter-level travel time spent in this place.
 D = Time resting spent in this place.
 E = Time spent auto-exploring this place.
 F = Levels seen in this place.
 G = Mean time per level.
                   A        B        C        D        E       F      G
               +--------+--------+--------+--------+--------+-----+--------+
         Total |   1552 |   1522 |     30 |     78 |   1281 |   2 |  776.0 |
       Dungeon |   1552 |   1522 |     30 |     78 |   1281 |   2 |  776.0 |
               +--------+--------+--------+--------+--------+-----+--------+

Top non-repeatable levels by time:
     D:1: 1059 daAuts
     D:2: 493 daAuts
